 Dungeon Crawl Stone Soup version 0.20.0-15-g7f486f2 (webtiles) character file.

522 grindst0ne the Skirmisher (level 7, -1/58 HPs)
             Began as a Demonspawn Abyssal Knight on June 12, 2017.
             Was a Believer of Lugonu.
             Slain by an orc
             ... wielding a +0 trident
              (5 damage)
             ... on level 4 of the Dungeon.
             The game lasted 00:09:31 (4970 turns).

grindst0ne the Skirmisher (DsAK)                    Turns: 4970, Time: 00:09:32

Health: -1/58      AC:  9    Str: 18    XL:     7   Next: 1%
Magic:  17/17      EV:  7    Int: 18    God:    Lugonu [**....]
Gold:   96         SH:  6    Dex: 14    Spells: 6/6 levels left

rFire    . . .     SeeInvis +   t - -2 flail (curse)
rCold    + . .     Gourm    .   (no shield)
rNeg     . . .     Faith    .   p - +0 chain mail
rPois    .         Spirit   .   (no helmet)
rElec    .         Reflect  .   (no cloak)
rCorr    .         Harm     .   s - +0 pair of gloves
MR       .....                  (no boots)
Stlth    ..........             (no amulet)
Regen    0.2/turn               i - ring of see invisible
MPRegen  0.2/turn               w - ring of magical power

@: mighty, brilliant, flying, very slightly contaminated
A: hooves 1, large bone plates 2, cold resistance 1
a: Depart the Abyss, Bend Space, Renounce Religion


You were on level 4 of the Dungeon.
You worshipped Lugonu.
Lugonu was pleased with you.
You were hungry.

You visited 1 branch of the dungeon, and saw 5 of its levels.
You visited the Abyss 1 time.

You collected 96 gold pieces.

Inventory:

Hand Weapons
 a - a +1 hand axe
 t - a cursed -2 flail (weapon)
 u - a +0 war axe
Armour
 b - a +0 leather armour
 p - a +0 chain mail (worn)
 s - a +0 pair of gloves (worn)
Jewellery
 i - a ring of see invisible (left hand)
 n - a +2 ring of intelligence
 w - a ring of magical power (right hand)
Scrolls
 j - a scroll of teleportation
 q - a scroll of fear
 r - a scroll of identify
Potions
 m - a potion of mutation
Comestibles
 c - 3 bread rations
 f - 7 royal jellies
 g - 4 fruits
 k - a meat ration


   Skills:
 + Level 6.2 Fighting
 + Level 4.8 Axes
 - Level 1.7 Armour
 - Level 0.8 Dodging
 - Level 2.4 Invocations


You had 6 spell levels left.
You didn't know any spells.

Dungeon Overview and Level Annotations

Branches:
Dungeon (5/15)             Temple (0/1) D:4

Altars:
Ashenzari
Gozag
Zin

Shops:
D:4 :


Innate Abilities, Weirdness & Mutations

You have large cloven feet.
You are mostly covered in large bone plates. (SH +6)
Your flesh is cold resistant. (rC+)


Message History

* * * LOW HITPOINT WARNING * * *
Things that are here:
a dagger; an orc corpse You barely miss the orc.
You kick the orc, but do no damage. The orc barely misses you.
Your chain mail prevents you from hitting the orc.
You kick the orc, but do no damage. The orc closely misses you.
You hit the orc but do no damage. The orc hits you with a trident.
* * * LOW HITPOINT WARNING * * *
The orc hits you with a trident.
* * * LOW HITPOINT WARNING * * *
It was a potion of flight.
You feel very buoyant.
You fly up into the air.
You block the orc's attack.
It was a potion of brilliance.
You feel clever all of a sudden.
It was a potion of might.
You feel very mighty all of a sudden. The orc hits you with a trident.
You die...

#.######..##..# #...#
#..###.## ###.###.## #.#
#### #####...# #.# ...#
########8_8#.### #.###
##.########......#...#.#
#....
#.##.......######...#.##
##### #.##.#######
#####.##..#### #.##.#
#)@o.....(..(# #.##.#
#.##......##(# ##.##รท#
#.##.....###.######
...##.# #.##...#.#
#....... #####.#
#.##o..#.# #..##### #.#
#.##...#.# #..# #.#
#.#......###..# #.#
#.............# #.#
#####..#.####.#####


You could see an orc.

Vanquished Creatures
  An ogre (D:4)
  2 hounds (D:4)
  An orc priest (D:4)
  Terence (D:3)
  An iguana (D:3)
  An orc wizard (D:4)
  2 worker ants
  7 gnolls
  5 adders
  An adder skeleton (D:4)
  3 worms
  4 dart slugs
  5 leopard geckos
  9 orcs
  6 bats
  4 giant cockroaches
  4 goblins
  5 hobgoblins
  10 jackals
  A quokka (D:4)
  A ball python (D:1)
  2 frilled lizards
  5 kobolds
  2 leopard gecko skeletons (D:4)
  14 rats
97 creatures vanquished.

Vanquished Creatures (others)
  An orc (D:4)
1 creature vanquished.

Grand Total: 98 creatures vanquished

Notes
Turn   | Place    | Note
-------+----------+-------------------------------------------
     0 | Abyss:1  | grindst0ne the Demonspawn Abyssal Knight began the quest for the Orb.
     0 | Abyss:1  | Reached XP level 1. HP: 18/18 MP: 2/2
     1 | D:1      | Escaped the Abyss
   259 | D:1      | Gained mutation: You have large cloven feet. [demonic ancestry]
   259 | D:1      | Reached XP level 2. HP: 18/24 MP: 3/3
   580 | D:2      | Reached * piety under Lugonu
   654 | D:2      | Gained mutation: You are partially covered in large bone plates. (SH +4) [demonic ancestry]
   654 | D:2      | Reached XP level 3. HP: 17/30 MP: 4/4
  1072 | D:2      | Reached skill level 4 in Fighting
  1646 | D:3      | Found a shattered altar of Ashenzari.
  1699 | D:3      | Reached XP level 4. HP: 36/37 MP: 5/5
  1731 | D:3      | Noticed Terence
  1755 | D:3      | Killed Terence
  1914 | D:3      | HP: 1/38 [iguana (6)]
  2250 | D:3      | Reached ** piety under Lugonu
  2333 | D:3      | Gained mutation: Your flesh is cold resistant. (rC+) [demonic ancestry]
  2333 | D:3      | Reached XP level 5. HP: 39/43 MP: 6/6
  2508 | D:3      | Reached skill level 5 in Fighting
  3459 | D:4      | Found an opulent altar of Gozag.
  3542 | D:4      | Reached XP level 6. HP: 24/51 MP: 7/7
  4244 | D:4      | Found a staircase to the Ecumenical Temple.
  4318 | D:4      | Found Atibuuwk's Book Shop.
  4421 | D:4      | Found a glowing silver altar of Zin.
  4684 | D:4      | Reached skill level 6 in Fighting
  4883 | D:5      | Entered Level 5 of the Dungeon
  4934 | D:4      | Gained mutation: You are mostly covered in large bone plates. (SH +6) [demonic ancestry]
  4934 | D:4      | Reached XP level 7. HP: 9/58 MP: 8/8
  4970 | D:4      | Slain by an orc

Skill      XL: |  1  2  3  4  5  6 |
---------------+-------------------+-----
Axes           | 2 3 4 |  4.8
Fighting       | 4 5 6 |  6.2
Armour         | |  1.7
Dodging        | |  0.8
Invocations    | |  2.4

Action                   |  1- 3 |  4- 6 |  7- 9 || total
-------------------------+-------+-------+-------++-------
Melee: Hand axe          |   119 |   134 |       ||   253
       Kick              |    19 |    82 |     2 ||   103
       Flail             |       |   217 |     4 ||   221
Invok: Depart the Abyss  |     1 |       |       ||     1
  Use: Scroll            |       |     7 |       ||     7
       Potion            |       |     2 |     4 ||     6
 Stab: Invisible         |       |     2 |       ||     2
  Eat: Chunk             |     1 |    12 |       ||    13
Armor: Leather armour    |    28 |     4 |       ||    32
       Chain mail        |       |   185 |     1 ||   186
       Skin              |       |       |    18 ||    18
Dodge: Dodged            |    63 |   124 |     9 ||   196
Block: Other             |    11 |    75 |     1 ||    87
